2432 views
Uploaded 2021-12-13 09:26:29
Game version 1.32.10
23:08 long 3on3 ladder game on (6)Guardians
Saved by xzz
2432 views
Uploaded 2021-12-13 09:26:29
Game version 1.32.10
23:08 long 3on3 ladder game on (6)Guardians


107 units @ 13.4k
/ 1.7k
55 buildings @ 8k
/ 3.8k


| Potion of Healing | 3 | 450 |
| Scroll of Town Portal | 2 | 700 |
| Scroll of Healing | 1 | 250 |
| Scroll of Protection | 1 | 150 |
| total: | 7 | 1550g |
| Wisp | 26 | 1560 | / | 0 |
| Archer | 10 | 1300 | / | 100 |
| Chimaera | 2 | 660 | / | 140 |
| total: | 38 | 3520g | / | 240w |
| Moon Well | 8 | 1440 | / | 320 |
| Ancient of War | 1 | 150 | / | 60 |
| Altar of Elders | 1 | 180 | / | 50 |
| Ancient of Wonders | 1 | 90 | / | 30 |
| Hunter's Hall | 1 | 210 | / | 100 |
| Tree of Life | 1 | 340 | / | 185 |
| Chimaera Roost | 4 | 560 | / | 760 |
| Tree of Ages | 2 | 640 | / | 360 |
| Tree of Eternity | 1 | 330 | / | 200 |
| total: | 17 | 2970g | / | 1505w |
| 0:02 | Wisp |
| 0:02 | Wisp |
| 0:13 | Moon Well |
| 0:17 | Ancient of War |
| 0:29 | Wisp |
| 0:32 | Wisp |
| 0:46 | Wisp |
| 0:47 | Wisp |
| 0:56 | Wisp |
| 1:11 | Wisp |
| 1:18 | Archer |
| 1:20 | Altar of Elders |
| 1:31 | Moon Well |
| 1:44 | Archer |
| 1:44 | Archer |
| 1:50 | Wisp |
| 1:50 | Wisp |
| 2:03 | Archer |
| 2:09 | Wisp |
| 2:24 | Ancient of Wonders |
| 2:29 | Summon Bear |
| 2:41 | Archer |
| 2:42 | Wisp |
| 2:50 | Wisp |
| 3:02 | Moon Well |
| 3:21 | Archer |
| 3:29 | Summon Quilbeast |
| 3:49 | Tree of Ages |
| 4:06 | Archer |
| 4:52 | Archer |
| 4:55 | Moon Well |
| 5:00 | Hunter's Hall |
| 5:11 | Moon Well |
| 5:13 | Archer |
| 5:13 | Archer |
| 5:49 | Tree of Life |
| 6:23 | Summon Quilbeast |
| 6:23 | Summon Quilbeast |
| 6:41 | Improved Bows |
| 6:44 | Wisp |
| 6:45 | Wisp |
| 7:26 | Tree of Eternity |
| 7:29 | Ultravision |
| 7:29 | Strength of the Wild |
| 7:29 | Reinforced Hides |
| 8:05 | Searing Arrows |
| 8:16 | Wisp |
| 8:16 | Wisp |
| 8:16 | Wisp |
| 8:17 | Wisp |
| 8:17 | Wisp |
| 8:17 | Wisp |
| 8:59 | Scroll of Town Portal |
| 8:59 | Potion of Healing |
| 8:59 | Potion of Healing |
| 9:00 | Potion of Healing |
| 9:11 | Summon Bear |
| 9:12 | Trueshot Aura |
| 9:19 | Improved Strength of the Wild |
| 9:52 | Chimaera Roost |
| 9:52 | Chimaera Roost |
| 9:53 | Chimaera Roost |
| 9:55 | Chimaera Roost |
| 10:32 | Nature's Blessing |
| 10:33 | Wisp |
| 10:33 | Wisp |
| 10:42 | Wisp |
| 10:42 | Wisp |
| 10:42 | Wisp |
| 10:46 | Moon Well |
| 10:46 | Moon Well |
| 10:47 | Moon Well |
| 10:52 | Scroll of Protection |
| 10:59 | Scroll of Town Portal |
| 11:00 | Scroll of Healing |
| 11:20 | Chimaera |
| 11:49 | Corrosive Breath |
| 12:28 | Chimaera |
| 12:58 | Trueshot Aura |
| Right click | 456 |
| Select group | 271 |
| Select | 169 |
| Build/train/purchase | 146 |
| Misc. action | 95 |
| Assign group | 43 |
| Chat | 23 |
| Use ability | 3 |
| Item give/drop | 3 |
| Minimap ping | 3 |
| Esc | 1 |

x1)
| Lesser Clarity Potion | 4 | 280 |
| Scroll of Regeneration | 3 | 300 |
| Boots of Speed | 1 | 250 |
| Staff of Teleportation | 1 | 150 |
| Potion of Lesser Invulnerability | 1 | 150 |
| Tome of Retraining | 1 | 300 |
| Scroll of Speed | 1 | 50 |
| Sobi Mask | 1 | 400 |
| Potion of Invulnerability | 1 | 400 |
| Ring of Protection +3 | 1 | 125 |
| total: | 15 | 2405g |
| Peasant | 15 | 1125 | / | 0 |
| Footman | 4 | 540 | / | 0 |
| Gryphon Rider | 11 | 3080 | / | 770 |
| Dragonhawk Rider | 3 | 600 | / | 90 |
| total: | 33 | 5345g | / | 860w |
| Scout Tower | 1 | 30 | / | 20 |
| Arcane Tower | 1 | 70 | / | 50 |
| Altar of Kings | 1 | 180 | / | 50 |
| Farm | 12 | 960 | / | 240 |
| Barracks | 1 | 160 | / | 60 |
| Lumber Mill | 2 | 240 | / | 0 |
| Arcane Vault | 1 | 130 | / | 30 |
| Town Hall | 1 | 385 | / | 205 |
| Blacksmith | 1 | 140 | / | 60 |
| Gryphon Aviary | 3 | 420 | / | 450 |
| Workshop | 4 | 560 | / | 560 |
| Keep | 1 | 320 | / | 210 |
| Castle | 1 | 360 | / | 210 |
| total: | 27 | 3205g | / | 1675w |
| 0:19 | Peasant |
| 0:19 | Peasant |
| 0:28 | Altar of Kings |
| 0:30 | Farm |
| 0:44 | Peasant |
| 0:54 | Barracks |
| 1:09 | Peasant |
| 1:31 | Farm |
| 1:40 | Lumber Mill |
| 1:47 | Lumber Mill |
| 1:51 | Peasant |
| 1:51 | Peasant |
| 2:00 | Footman |
| 2:12 | Arcane Vault |
| 2:23 | Footman |
| 2:39 | Farm |
| 2:55 | Flame Strike |
| 2:58 | Footman |
| 3:11 | Peasant |
| 3:12 | Peasant |
| 3:26 | Lesser Clarity Potion |
| 3:29 | Lesser Clarity Potion |
| 3:34 | Scout Tower |
| 3:36 | Footman |
| 4:12 | Boots of Speed |
| 4:12 | Staff of Teleportation |
| 4:18 | Arcane Tower |
| 5:01 | Keep |
| 6:30 | Scroll of Regeneration |
| 6:31 | Lesser Clarity Potion |
| 6:40 | Scroll of Regeneration |
| 7:17 | Siphon Mana |
| 8:07 | Castle |
| 8:08 | Improved Lumber Harvesting |
| 8:11 | Gryphon Aviary |
| 8:15 | Gryphon Aviary |
| 8:18 | Scroll of Regeneration |
| 8:25 | Town Hall |
| 9:30 | Flame Strike |
| 9:50 | Scroll of Speed |
| 9:52 | Lesser Clarity Potion |
| 10:07 | Blacksmith |
| 10:10 | Advanced Lumber Harvesting |
| 10:53 | Potion of Lesser Invulnerability |
| 11:00 | Gryphon Rider |
| 11:03 | Farm |
| 11:07 | Peasant |
| 11:07 | Peasant |
| 11:07 | Peasant |
| 11:11 | Farm |
| 11:13 | Farm |
| 11:14 | Farm |
| 11:20 | Gryphon Rider |
| 12:27 | Gryphon Rider |
| 12:31 | Gryphon Aviary |
| 12:46 | Siphon Mana |
| 13:20 | Gryphon Rider |
| 13:36 | Animal War Training |
| 13:40 | Iron Forged Swords |
| 13:41 | Studded Leather Armor |
| 13:46 | Peasant |
| 13:46 | Peasant |
| 13:49 | Farm |
| 13:49 | Farm |
| 13:50 | Farm |
| 13:50 | Farm |
| 13:55 | Peasant |
| 13:55 | Peasant |
| 14:04 | Gryphon Rider |
| 14:43 | Storm Hammers |
| 14:45 | Gryphon Rider |
| 15:09 | Gryphon Rider |
| 15:18 | Tome of Retraining |
| 15:18 | Retrain Hero |
| 15:21 | Flame Strike |
| 15:22 | Flame Strike |
| 15:23 | Banish |
| 15:24 | Siphon Mana |
| 15:47 | Steel Forged Swords |
| 15:47 | Reinforced Leather Armor |
| 15:51 | Gryphon Rider |
| 16:15 | Gryphon Rider |
| 16:17 | Gryphon Rider |
| 16:40 | Gryphon Rider |
| 17:21 | Cloud |
| 17:28 | Dragonhawk Rider |
| 17:34 | Mithril Forged Swords |
| 17:37 | Improved Masonry |
| 18:02 | Dragonhawk Rider |
| 18:44 | Dragonhawk Rider |
| 18:46 | Dragonhide Armor |
| 20:00 | Advanced Masonry |
| 20:24 | Flame Strike |
| 20:58 | Sobi Mask |
| 21:52 | Farm |
| 21:55 | Workshop |
| 21:56 | Workshop |
| 21:59 | Workshop |
| 22:04 | Workshop |
| 22:32 | Potion of Invulnerability |
| 22:44 | Ring of Protection +3 |
| Right click | 553 |
| Select | 282 |
| Chat | 167 |
| Build/train/purchase | 102 |
| Select group | 102 |
| Assign group | 26 |
| Use ability | 21 |
| Item give/drop | 8 |
| Misc. action | 4 |
| Esc | 2 |
| Minimap ping | 1 |


| Healing Salve | 3 | 300 |
| Lesser Clarity Potion | 3 | 210 |
| total: | 6 | 510g |
| Peon | 12 | 900 | / | 0 |
| Troll Headhunter | 17 | 2380 | / | 340 |
| Troll Berserker | 2 | 280 | / | 40 |
| Shaman | 3 | 390 | / | 60 |
| Tauren | 2 | 560 | / | 160 |
| total: | 36 | 4510g | / | 600w |
| Altar of Storms | 1 | 180 | / | 50 |
| Orc Burrow | 5 | 800 | / | 200 |
| War Mill | 1 | 205 | / | 0 |
| Barracks | 1 | 180 | / | 50 |
| Voodoo Lounge | 1 | 130 | / | 30 |
| Spirit Lodge | 1 | 150 | / | 150 |
| Tauren Totem | 1 | 135 | / | 155 |
| Stronghold | 3 | 945 | / | 570 |
| Fortress | 3 | 975 | / | 570 |
| total: | 11 | 1780g | / | 635w |
| 0:04 | Peon |
| 0:04 | Peon |
| 0:05 | Peon |
| 0:05 | Peon |
| 0:11 | Peon |
| 0:21 | Altar of Storms |
| 0:36 | Orc Burrow |
| 0:51 | War Mill |
| 1:07 | Barracks |
| 1:12 | Peon |
| 1:13 | Peon |
| 1:13 | Peon |
| 1:26 | Peon |
| 1:26 | Peon |
| 1:26 | Peon |
| 1:46 | Peon |
| 1:48 | Voodoo Lounge |
| 2:04 | Orc Burrow |
| 2:11 | Troll Headhunter |
| 2:11 | Troll Headhunter |
| 2:26 | Troll Headhunter |
| 2:37 | War Stomp |
| 2:41 | Troll Headhunter |
| 2:41 | Troll Headhunter |
| 2:41 | Troll Headhunter |
| 3:06 | Stronghold |
| 3:10 | Troll Headhunter |
| 3:24 | Steel Ranged Weapons |
| 3:24 | Thorium Ranged Weapons |
| 3:36 | Troll Headhunter |
| 3:50 | Orc Burrow |
| 4:05 | Troll Headhunter |
| 4:10 | Endurance Aura |
| 4:17 | Healing Salve |
| 4:19 | Healing Salve |
| 4:26 | Lesser Clarity Potion |
| 4:26 | Lesser Clarity Potion |
| 4:43 | Troll Headhunter |
| 5:04 | Troll Headhunter |
| 5:48 | Arcanite Ranged Weapons |
| 6:03 | Summon Bear |
| 6:03 | Summon Bear |
| 6:19 | Troll Headhunter |
| 6:53 | Fortress |
| 6:55 | Troll Headhunter |
| 7:08 | Spirit Lodge |
| 7:18 | Orc Burrow |
| 7:34 | Troll Headhunter |
| 8:12 | Troll Headhunter |
| 8:14 | Tauren Totem |
| 8:20 | Endurance Aura |
| 8:24 | Troll Regeneration |
| 8:24 | Troll Headhunter |
| 8:53 | Shaman Adept Training |
| 8:54 | Shaman Master Training |
| 8:54 | Troll Headhunter |
| 9:42 | Berserker Upgrade |
| 9:58 | Healing Salve |
| 10:00 | Orc Burrow |
| 10:11 | Pulverize |
| 10:33 | Lesser Clarity Potion |
| 10:49 | Troll Berserker |
| 10:51 | Shaman |
| 11:54 | Tauren |
| 12:49 | Tauren |
| 12:49 | Shaman |
| 12:50 | Shaman |
| 12:50 | Troll Berserker |
| 13:06 | War Stomp |
| 13:06 | War Stomp |
| Select group | 1409 |
| Right click | 699 |
| Select | 365 |
| Misc. action | 325 |
| Build/train/purchase | 115 |
| Chat | 76 |
| Assign group | 24 |
| Use ability | 16 |
| Minimap ping | 16 |
| Item give/drop | 2 |
| Esc | 1 |
64 units @ 8.7k
/ 1k
44 buildings @ 6k
/ 2.3k


| Scroll of Regeneration | 3 | 300 |
| Lesser Clarity Potion | 1 | 70 |
| Potion of Healing | 1 | 150 |
| Scroll of Town Portal | 1 | 350 |
| total: | 6 | 870g |
| Peasant | 13 | 975 | / | 0 |
| Rifleman | 9 | 1845 | / | 270 |
| total: | 22 | 2820g | / | 270w |
| Scout Tower | 3 | 90 | / | 60 |
| Arcane Tower | 1 | 70 | / | 50 |
| Guard Tower | 1 | 70 | / | 50 |
| Farm | 7 | 560 | / | 140 |
| Altar of Kings | 1 | 180 | / | 50 |
| Blacksmith | 1 | 140 | / | 60 |
| Barracks | 2 | 320 | / | 120 |
| Arcane Vault | 2 | 260 | / | 60 |
| Lumber Mill | 1 | 120 | / | 0 |
| Gryphon Aviary | 3 | 420 | / | 450 |
| Keep | 2 | 640 | / | 420 |
| Castle | 1 | 360 | / | 210 |
| total: | 20 | 2090g | / | 940w |
| 0:03 | Peasant |
| 0:03 | Peasant |
| 0:17 | Peasant |
| 0:17 | Peasant |
| 0:34 | Farm |
| 0:39 | Altar of Kings |
| 0:44 | Peasant |
| 1:10 | Blacksmith |
| 1:16 | Barracks |
| 1:25 | Farm |
| 1:29 | Peasant |
| 1:30 | Peasant |
| 1:47 | Peasant |
| 1:58 | Scout Tower |
| 2:05 | Peasant |
| 2:16 | Peasant |
| 2:23 | Rifleman |
| 2:23 | Rifleman |
| 2:27 | Farm |
| 2:33 | Arcane Tower |
| 2:41 | Storm Bolt |
| 2:47 | Arcane Vault |
| 2:51 | Peasant |
| 2:51 | Peasant |
| 2:51 | Peasant |
| 3:08 | Rifleman |
| 3:12 | Farm |
| 3:39 | Rifleman |
| 4:03 | Keep |
| 4:07 | Farm |
| 4:19 | Scroll of Regeneration |
| 5:02 | Rifleman |
| 5:09 | Barracks |
| 5:12 | Lumber Mill |
| 5:17 | Bash |
| 5:40 | Scout Tower |
| 6:08 | Guard Tower |
| 6:39 | Rifleman |
| 6:39 | Long Rifles |
| 6:49 | Arcane Vault |
| 7:18 | Gryphon Aviary |
| 8:01 | Castle |
| 8:04 | Rifleman |
| 9:10 | Gryphon Aviary |
| 9:50 | Gryphon Aviary |
| 10:04 | Scroll of Regeneration |
| 10:04 | Lesser Clarity Potion |
| 10:07 | Scroll of Town Portal |
| 10:10 | Scroll of Regeneration |
| 10:17 | Farm |
| 10:25 | Farm |
| 10:39 | Animal War Training |
| 10:54 | Brilliance Aura |
| 11:06 | Scout Tower |
| 11:47 | Rifleman |
| 11:48 | Rifleman |
| 11:58 | Potion of Healing |
| Select group | 529 |
| Right click | 499 |
| Select | 175 |
| Misc. action | 134 |
| Build/train/purchase | 52 |
| Assign group | 22 |
| Minimap ping | 17 |
| Use ability | 14 |
| Remove unit | 1 |


| Healing Salve | 3 | 300 |
| Scroll of Speed | 1 | 50 |
| Potion of Healing | 2 | 300 |
| Lesser Clarity Potion | 2 | 140 |
| Orb of Lightning | 1 | 375 |
| total: | 9 | 1165g |
| Peon | 8 | 600 | / | 0 |
| Troll Headhunter | 7 | 980 | / | 140 |
| Wind Rider | 2 | 530 | / | 80 |
| total: | 17 | 2110g | / | 220w |
| Watch Tower | 1 | 110 | / | 80 |
| Altar of Storms | 1 | 180 | / | 50 |
| Orc Burrow | 4 | 640 | / | 160 |
| War Mill | 1 | 205 | / | 0 |
| Barracks | 1 | 180 | / | 50 |
| Voodoo Lounge | 1 | 130 | / | 30 |
| Beastiary | 1 | 145 | / | 140 |
| Spirit Lodge | 1 | 150 | / | 150 |
| Stronghold | 1 | 315 | / | 190 |
| Fortress | 1 | 325 | / | 190 |
| total: | 11 | 1740g | / | 660w |
| 0:02 | Peon |
| 0:02 | Peon |
| 0:08 | Peon |
| 0:14 | Altar of Storms |
| 0:18 | Peon |
| 0:23 | Orc Burrow |
| 0:30 | Peon |
| 0:53 | Peon |
| 1:07 | War Mill |
| 1:26 | Barracks |
| 1:38 | Voodoo Lounge |
| 1:42 | Peon |
| 2:02 | Orc Burrow |
| 2:28 | Troll Headhunter |
| 2:30 | Wind Walk |
| 2:35 | Peon |
| 2:46 | Troll Headhunter |
| 2:50 | Steel Ranged Weapons |
| 3:15 | Troll Headhunter |
| 3:26 | Healing Salve |
| 3:27 | Scroll of Speed |
| 3:46 | Stronghold |
| 4:05 | Critical Strike |
| 4:12 | Steel Armor |
| 4:16 | Orc Burrow |
| 4:29 | Troll Headhunter |
| 5:32 | Troll Headhunter |
| 5:32 | Troll Headhunter |
| 5:41 | Spiked Barricades |
| 5:45 | Watch Tower |
| 6:39 | Wind Walk |
| 6:43 | Thorium Ranged Weapons |
| 6:44 | Troll Headhunter |
| 6:46 | Healing Salve |
| 6:47 | Potion of Healing |
| 7:00 | Beastiary |
| 7:08 | Spirit Lodge |
| 7:35 | Fortress |
| 8:03 | Summon Lava Spawn |
| 9:08 | Wind Rider |
| 9:08 | Wind Rider |
| 9:11 | Shaman Adept Training |
| 10:01 | Envenomed Spears |
| 10:12 | Shaman Master Training |
| 10:19 | Arcanite Ranged Weapons |
| 10:26 | Healing Salve |
| 10:29 | Lesser Clarity Potion |
| 10:39 | Orc Burrow |
| 10:51 | Lesser Clarity Potion |
| 11:09 | Orb of Lightning |
| 11:49 | Potion of Healing |
| 12:57 | Incinerate |
| Right click | 482 |
| Select | 149 |
| Build/train/purchase | 72 |
| Select group | 31 |
| Assign group | 18 |
| Use ability | 6 |
| Item give/drop | 3 |
| Misc. action | 1 |


| Rod of Necromancy | 1 | 150 |
| Potion of Healing | 2 | 300 |
| Lesser Clarity Potion | 1 | 70 |
| Dust of Appearance | 1 | 75 |
| Scroll of Town Portal | 1 | 350 |
| total: | 6 | 945g |
| Acolyte | 8 | 600 | / | 0 |
| Ghoul | 5 | 600 | / | 0 |
| Crypt Fiend | 8 | 1720 | / | 320 |
| Obsidian Statue | 2 | 400 | / | 70 |
| Abomination | 2 | 480 | / | 140 |
| total: | 25 | 3800g | / | 530w |
| Nerubian Tower | 1 | 100 | / | 20 |
| Spirit Tower | 3 | 435 | / | 120 |
| Graveyard | 1 | 215 | / | 0 |
| Crypt | 1 | 200 | / | 50 |
| Ziggurat | 6 | 900 | / | 300 |
| Altar of Darkness | 1 | 180 | / | 50 |
| Tomb of Relics | 1 | 130 | / | 30 |
| Necropolis | 1 | 225 | / | 0 |
| Slaughterhouse | 2 | 280 | / | 270 |
| Halls of the Dead | 2 | 640 | / | 420 |
| Black Citadel | 1 | 325 | / | 230 |
| total: | 13 | 2130g | / | 700w |
| 0:03 | Acolyte |
| 0:09 | Graveyard |
| 0:13 | Crypt |
| 0:19 | Acolyte |
| 0:19 | Acolyte |
| 0:38 | Ziggurat |
| 1:04 | Altar of Darkness |
| 1:16 | Ghoul |
| 1:24 | Ziggurat |
| 1:36 | Ghoul |
| 1:37 | Ghoul |
| 1:51 | Tomb of Relics |
| 2:14 | Crypt Fiend |
| 2:24 | Nerubian Tower |
| 2:44 | Crypt Fiend |
| 3:05 | Rod of Necromancy |
| 3:07 | Death Coil |
| 3:26 | Crypt Fiend |
| 3:43 | Acolyte |
| 3:44 | Creature Attack |
| 4:08 | Unholy Aura |
| 4:12 | Halls of the Dead |
| 4:47 | Ziggurat |
| 5:10 | Necropolis |
| 5:39 | Crypt Fiend |
| 6:13 | Crypt Fiend |
| 6:24 | Dust of Appearance |
| 6:57 | Spirit Tower |
| 7:23 | Ziggurat |
| 7:24 | Acolyte |
| 7:25 | Acolyte |
| 7:58 | Acolyte |
| 8:01 | Ziggurat |
| 8:12 | Frost Nova |
| 8:15 | Slaughterhouse |
| 8:17 | Creature Carapace |
| 8:21 | Acolyte |
| 9:00 | Death Coil |
| 9:10 | Black Citadel |
| 9:10 | Crypt Fiend |
| 9:11 | Burrow |
| 9:49 | Obsidian Statue |
| 9:50 | Crypt Fiend |
| 10:21 | Potion of Healing |
| 10:24 | Scroll of Town Portal |
| 10:32 | Spirit Tower |
| 10:34 | Spirit Tower |
| 10:41 | Slaughterhouse |
| 11:13 | Web |
| 11:20 | Obsidian Statue |
| 11:33 | Ziggurat |
| 11:36 | Destroyer Form |
| 11:42 | Crypt Fiend |
| 11:45 | Abomination |
| 11:54 | Lesser Clarity Potion |
| 11:56 | Potion of Healing |
| 12:06 | Ghoul |
| 12:06 | Ghoul |
| 12:13 | Frost Armor |
| 13:20 | Abomination |
| Select | 922 |
| Right click | 444 |
| Select group | 359 |
| Misc. action | 242 |
| Build/train/purchase | 62 |
| Use ability | 27 |
| Assign group | 21 |
| Remove unit | 1 |
⇛